 Dungeon Crawl Stone Soup version 0.30-a0-137-gd8773701ce (webtiles) character file.

Game seed: 1903194765031356971

880 purpskrrrp the Ruffian (level 7, -2/59 HPs)
             Began as a Troll Transmuter on Sept 22, 2022.
             Was an Initiate of Gozag.
             Slain by an ogre
             ... wielding a +0 giant club
              (33 damage)
             ... on level 5 of the Dungeon.
             The game lasted 00:16:21 (5289 turns).

purpskrrrp the Ruffian (Troll Transmuter)           Turns: 5289, Time: 00:16:22

Health: -2/59      AC:  5    Str: 24 (25) XL:     7   Next: 75%
Magic:  9/9        EV: 14    Int:  5      God:    Gozag
Gold:   792        SH:  0    Dex:  6 (8)  Spells: 2/10 levels left

rFire   . . .      SeeInvis .      - Unarmed
rCold   . . .      Faith    .    (no shield)
rNeg    . . .      Spirit   .    a - +1 robe
rPois   .          Reflect  .    (helmet currently unavailable)
rElec   .          Harm     .    (no cloak)
rCorr   .          Rampage  .    (gloves unavailable)
Will    .....                    (boots unavailable)
Stlth   +.........               j - amulet of magic regeneration
HPRegen 0.99/turn                d - +6 ring of strength
MPRegen 0.51/turn                h - +4 ring of evasion

@: appendages (expiring)
A: horns 2, talons 2, large, unfitting armour, claws 3, regeneration 1, shaggy
fur 1, tough skin 1, clumsy 1, deterioration 2, dopey 2, frail 1, weak 1
a: End Transformation, Renounce Religion, Potion Petition, Call Merchant, Bribe
Branch


You were on level 5 of the Dungeon.
You worshipped Gozag.
Gozag was pleased with you.
You had temporarily grown beastly horns and talons.
You visited 1 branch of the dungeon, and saw 5 of its levels.

You collected 1636 gold pieces.
You spent 432 gold pieces at shops.
You paid 412 gold pieces to Gozag.

Inventory:

Hand Weapons
 u - a +0 giant spiked club
Armour
 a - a +1 robe (worn)
Jewellery
 d - a +6 ring of strength (left claw)
 h - a +4 ring of evasion (right claw)
 j - an amulet of magic regeneration (around neck)
 o - a ring of magical power
Wands
 i - a wand of polymorph (11)
 p - a wand of roots (4)
Scrolls
 e - a scroll of poison
 k - a scroll of enchant weapon
 m - 2 scrolls of immolation
 n - a scroll of teleportation
 s - a scroll of identify
Potions
 b - a potion of lignification
 c - 4 potions of attraction
 f - a potion of ambrosia
 g - a potion of haste {unknown}
 l - a potion of invisibility
 q - 2 potions of brilliance {unknown}
 r - a potion of curing {unknown}
 v - a potion of might {unknown}


   Skills:
 + Level 2.8 Fighting
 + Level 3.3 Dodging
 * Level 5.9 Unarmed Combat
 + Level 2.4 Spellcasting
 + Level 2.9 Transmutations


You had 2 spell levels left.
You knew the following spells:

 Your Spells              Type           Power      Damage    Failure   Level
a - Beastly Appendage     Tmut           6%         N/A       12%         1
b - Spider Form           Tmut/Pois      2%         N/A       56%         3
c - Ice Form              Ice/Tmut       2%         N/A       92%         4

Your spell library contained the following spells:

 Spells                   Type           Power      Damage    Failure   Level
 Wereblood                Tmut           3%         N/A       19%         2
 Call Canine Familiar     Summ           0%         N/A       77%         3
 Portal Projectile        Hex/Tloc       0%         N/A       77%         3
 Leda's Liquefaction      Hex/Erth       0%         N/A       99%         4


Dungeon Overview and Level Annotations

Branches:
Dungeon (5/15)
 Temple: D:4-7

Altars:
Ashenzari
Gozag
Qazlal
Ru
Sif Muna
Uskayaw
Wu Jian
Xom
The Shining One

Shops:
D:3 =   D:5 [


Innate Abilities, Weirdness & Mutations

You have temporarily grown beastly horns and talons.
You are too large for most types of armour.
You have claws for hands.
Your natural rate of healing is unusually fast.
You are covered in fur. (AC +1)
You have tough skin. (AC +1)
You are clumsy. (Dex -2)
Your body often deteriorates upon taking damage.
You are very dopey. (Int -4)
You are frail. (-10% HP)
You are weak. (Str -2)


Message History

You scratch the ogre. Your claw misses the ogre.
The ogre is lightly wounded.
The ogre hits you with a +0 giant club!!
Ouch! That really hurt!
You are too injured to fight recklessly!
You are too injured to fight recklessly!
You are too injured to fight recklessly!
You are too injured to fight recklessly!
You are too injured to fight recklessly!
You are too injured to fight recklessly!
You are too injured to fight recklessly!
You are too injured to fight recklessly!
You are too injured to fight recklessly!
You are too injured to fight recklessly!
You are too injured to fight recklessly!
You are too injured to fight recklessly!
You are too injured to fight recklessly!
You are too injured to fight recklessly!
You are too injured to fight recklessly!
You are too injured to fight recklessly!
You are too injured to fight recklessly!
You are too injured to fight recklessly!
You are too injured to fight recklessly!
Unknown command.
Casting: Beastly Appendage (safe; 12% risk of failure)
Confirm with . or Enter, or press ? or * to list all spells.
You grow a pair of large bovine horns.
Your feet morph into talons.
Your transformation is almost over.
The ogre hits you with a +0 giant club!!
* * * LOW HITPOINT WARNING * * *
You feel much better.
You barely miss the ogre. You claw the ogre.
The ogre is moderately wounded.
The ogre misses you.
You claw the ogre! You claw the ogre, but do no damage.
The ogre is severely wounded.
The ogre hits you with a +0 giant club!!
Ouch! That really hurt!
You die...
Your body crumbles into a pile of gold.

#.#
####
#.#
#.#
#.#
#.#
#.#
#.#
#.#
#@#
#O#
#.#
#.#
#.#
#.#
#.#
..#


You could see an ogre.

Vanquished Creatures
  An ogre (D:4)
  An ice beast (D:5)
  A necrophage (D:4)
  2 scorpions
  A jelly (D:5)
  A gnoll bouda (D:4)
  3 hounds
  2 orc wizards
  4 iguanas
  4 gnolls
  5 adders
  4 worms
  4 dart slugs
  14 orcs
  9 endoplasms
  3 giant cockroaches
  7 goblins
  6 hobgoblins
  8 jackals
  7 kobolds
  2 quokkas (D:1)
  11 ball pythons
  11 bats
  6 frilled lizards
  A rat (D:1)
118 creatures vanquished.

Notes
Turn   | Place    | Note
-------+----------+-------------------------------------------
     0 | D:1      | purpskrrrp the Troll Transmuter began the quest for the
                  | Orb.
     0 | D:1      | Reached XP level 1. HP: 18/18 MP: 1/1
   132 | D:1      | Reached XP level 2. HP: 3/26 MP: 2/2
   133 | D:1      | HP: 1/39 [poisoned by a goblin]
   204 | D:1      | Reached skill level 1 in Fighting
   539 | D:1      | Found a faded altar of an unknown god.
   705 | D:1      | Reached XP level 3. HP: 32/33 MP: 2/4
  1235 | D:1      | Prayed at the altar of an unknown god.
  1235 | D:1      | Became a worshipper of Gozag Ym Sagoz the Greedy
  1333 | D:2      | Reached XP level 4. HP: 16/41 MP: 3/5
  2313 | D:2      | Reached skill level 4 in Unarmed Combat
  2629 | D:3      | Reached XP level 5. HP: 36/49 MP: 6/6
  3249 | D:3      | Identified a scroll of acquirement
  3249 | D:3      | Acquired 807 gold pieces
  3252 | D:3      | Bought a +6 ring of strength for 432 gold pieces
  3379 | D:4      | Reached XP level 6. HP: 47/57 MP: 6/8
  4053 | D:4      | Reached skill level 5 in Unarmed Combat
  4135 | D:4      | Found a shimmering altar of Xom.
  4136 | D:4      | Found a shimmering blue altar of Sif Muna.
  4140 | D:4      | Found a hide-covered altar of Uskayaw.
  4144 | D:4      | Found an ornate altar of the Wu Jian Council.
  4144 | D:4      | Found a sacrificial altar of Ru.
  4145 | D:4      | Found a stormy altar of Qazlal.
  4147 | D:4      | Found an opulent altar of Gozag.
  4148 | D:4      | Found a broken altar of Ashenzari.
  4150 | D:4      | Found a glowing golden altar of the Shining One.
  4192 | D:5      | Entered Level 5 of the Dungeon
  4192 | D:5      | Found Gueguami's Antique Armour Boutique.
  4205 | D:5      | Noticed an ice beast
  4214 | D:4      | Reached XP level 7. HP: 36/66 MP: 9/9
  4853 | D:4      | Learned a level 3 spell: Spider Form
  4883 | D:4      | Learned a level 4 spell: Ice Form
  4926 | D:4      | Gained mutation: Your body sometimes deteriorates upon
                  | taking damage. [mutagenic glow]
  4943 | D:4      | Gained mutation: You are dopey. (Int -2) [mutagenic glow]
  4959 | D:4      | Gained mutation: You are very dopey. (Int -4) [mutagenic
                  | glow]
  4967 | D:4      | Gained mutation: You are weak. (Str -2) [mutagenic glow]
  4981 | D:4      | Gained mutation: You are frail. (-10% HP) [mutagenic glow]
  4993 | D:4      | Gained mutation: Your body often deteriorates upon taking
                  | damage. [mutagenic glow]
  5002 | D:4      | Gained mutation: You are clumsy. (Dex -2) [mutagenic glow]
  5289 | D:5      | Slain by an ogre

Illustrated notes

Levels and vault maps discovered:
D:1:      dpeg_arrival_brainrot, layout_loops_ring,
          dreamdust_ecumenical_altar_angels_and_demons, minmay_stone_trees_small
D:2:      layout_basic, serial_curves, eino_curves_01, eino_curves_01,
          grunt_decor_mini_mirrors, cheibrodos_gnoll_hut
D:3:      layout_basic, kennysheep_cluttered_room
D:4:      layout_loops_ring, minitemple, minmay_quantized
D:5:      layout_basic, serial_shops, nicolae_shop_window_shopping,
          uniq_crazy_yiuf_cottage

Skill      XL: |  1  2  3  4  5  6 |
---------------+-------------------+-----
Fighting       | 1 2 |  2.8
Dodging        | 2 3 |  3.3
Unarmed Combat | 4 5 |  5.9
Transmutations | 2 |  2.9
Spellcasting   | 2 |  2.4

Action                   |  1- 3 |  4- 6 |  7- 9 || total
-------------------------+-------+-------+-------++-------
Melee: Unarmed           |    80 |   133 |    58 ||   271
       Kick              |    10 |    24 |    14 ||    48
       Punch             |     2 |     1 |       ||     3
       Headbutt          |     2 |     9 |     6 ||    17
 Cast: Beastly Appendage |    23 |    34 |    15 ||    72
       Spider Form       |       |       |     1 ||     1
Invok: Call Merchant     |       |     1 |       ||     1
  Use: Potion            |     1 |     1 |     1 ||     3
       Scroll            |     3 |    13 |     1 ||    17
 Stab: Sleeping          |       |     2 |       ||     2
Armor: Robe              |    21 |    30 |    12 ||    63
       Skin              |     3 |       |       ||     3
Dodge: Dodged            |    46 |    74 |    33 ||   153

Table legend: (Time is in decaauts)
 A = Elapsed time spent in this place.
 B = Non-inter-level travel time spent in this place.
 C = Inter-level travel time spent in this place.
 D = Time resting spent in this place.
 E = Time spent auto-exploring this place.
 F = Levels seen in this place.
 G = Mean time per level.
                   A        B        C        D        E       F      G
               +--------+--------+--------+--------+--------+-----+--------+
         Total |   5266 |   4920 |    346 |    470 |   3622 |   5 | 1053.2 |
       Dungeon |   5266 |   4920 |    346 |    470 |   3622 |   5 | 1053.2 |
               +--------+--------+--------+--------+--------+-----+--------+

Top non-repeatable levels by time:
     D:4: 1299 daAuts
     D:1: 1255 daAuts
     D:2: 1196 daAuts
     D:3: 838 daAuts
     D:5: 676 daAuts
